AoeStats
← CNZS_98T

Arabian Desert

510297130Analyzed
1v1 RM · 8h ago on Sep 30, 2026· 50m 44s· 2 players
Game mode
Random Map
Map size
Tiny (2 player)
Population
200
Speed
Normal
Resources
Standard
Victory
Conquest
Starting age
Dark Age
Ending age
Imperial Age
RankedLock teamsTeams togetherTeam positionsShared explorationLock speedFull tech treeHidden civsTurbo modeCheats
Victory
Defeat
🇺🇦 Sicilians · Ukraine
2726
+9
🇳🇱 Teutons · Netherlands
2565
-9
CNZS_98T
6:00 Loom
8:31 Feudal Age
9:19 Double-Bit Axe
20:04 Castle Age
18:27 Fletching
18:27 Horse Collar
18:38 Gold Mining
19:18 Padded Archer Armor
20:17 Crossbowman
20:53 Bodkin Arrow
22:03 Scale Barding Armor
24:46 Bloodlines
28:39 Wheelbarrow
28:16 Town Watch
31:17 Devotion
34:52 Chain Barding Armor
38:24 Bow Saw
39:31 Forging
43:35 Ballistics
43:25 Masonry
52:05 Imperial Age
53:29 Imperial Age
SalzZ_classicpro
6:15 Loom
8:39 Feudal Age
9:38 Double-Bit Axe
13:20 Horse Collar
16:20 Fletching
18:36 Forging
19:08 Bloodlines
23:35 Castle Age
22:15 Scale Barding Armor
23:54 Gold Mining
24:40 Chain Barding Armor
27:10 Heavy Plow
27:56 Town Watch
28:25 Bow Saw
31:18 Wheelbarrow
30:38 Pikeman
31:18 Squires
31:56 Scale Mail Armor
33:34 Bodkin Arrow
40:03 Imperial Age
39:21 Chain Mail Armor
39:23 Hand Cart
41:22 Plate Mail Armor
42:01 First Crusade
42:27 Iron Casting
43:55 Gold Shaft Mining
44:52 Blast Furnace
44:40 Arson
44:36 Elite Serjeant
46:55 Crop Rotation
47:56 Conscription
48:52 Ballistics
49:32 Chemistry
48:38 Bracer
48:51 Stone Mining
49:09 Arrowslits
49:47 Devotion
50:31 Husbandry
51:12 Masonry
Connection lost

Rejoining the realm…

Still unreachable

The connection could not be restored.

Session expired

The server has moved on; the page needs a fresh start.